 Dungeon Crawl Stone Soup version 0.16-a0-139-gc9fe9b1 (webtiles) character file.

142632 Ololoev the Maledictor (level 16, -2/84 HPs)
             Began as a Spriggan Enchanter on Aug 13, 2014.
             Was the Champion of Okawaru.
             Killed from afar by a deep elf annihilator (57 damage)
             ... with a crystal spear
             ... on Level 3 of the Elven Halls on Aug 14, 2014.
             The game lasted 03:56:17 (37902 turns).

Ololoev the Maledictor (Spriggan Enchanter)        Turns: 37902, Time: 03:56:18

HP  -2/84        AC  8     Str  8      XL: 16   Next: 80%
MP  36/36        EV 31     Int 24      God: Okawaru [******]
Gold 3033        SH  8     Dex 20      Spells:  8 memorised, 12 levels left

rFire  + . .     SeeInvis +     b - +5 quick blade "Heikkuij" {venom, rN+ Str+2 Int+4}
rCold  + . .     Clarity  .     p - +2 robe of the Ecumenical Temple {rElec rC+ rN+ Str+2 Stlth++}
rNeg   + + .     rCorr    .     Y - +1 buckler {rF+}
rPois  .         rRot     .     H - +1 hat {MR+}
rElec  +         Spirit   .     D - +2 cloak {+Inv}
SustAb .         Warding  .     (gloves unavailable)
rMut   .         Stasis   .     (boots unavailable)
Gourm  .                        B - amulet of faith
MR     ++++.                    c - ring of protection from magic
                                y - ring of teleport control

@: very quick, incredibly resistant to hostile enchantments, extremely stealthy
A: unfitting armour, see invisible, herbivore 3, speed 3, slow metabolism 2
a: Heroism, Finesse, Renounce Religion, Evoke Invisibility, Evoke Teleport
Control


You were on level 3 of the Elven Halls.
You worshipped Okawaru.
Okawaru was exalted by your worship.
You were not hungry.

You visited 5 branches of the dungeon, and saw 29 of its levels.
You also visited: Sewer and Ice Cave.

You collected 3591 gold pieces.
You spent 558 gold pieces at shops.

Inventory:

Hand weapons
 b - the +5 quick blade "Heikkuij" (weapon) {venom, rN+ Str+2 Int+4}
   (Okawaru gifted it to you on level 8 of the Lair of Beasts)

   It poisons the flesh of those it strikes.
   It affects your strength (+2).
   It affects your intelligence (+4).
   It protects you from negative energy.
 e - the +2 cutlass of Division {holy, +Blink +Fly rPois Stlth+}
   (Okawaru gifted it to you on level 3 of the Orcish Mines)

   It has been blessed by the Shining One to cause great damage to the undead
   and demons.
   It protects you from poison.
   It lets you fly.
   It lets you blink.
   It makes you more stealthy.
 R - a +7 quick blade of stabbing
 X - the +10 cutlass of Capital Punishment {slice, +Rage Stlth-}
   (Okawaru gifted it to you on level 8 of the Lair of Beasts)

   It inflicts extra damage upon your enemies.
   It lets you go berserk.
   It makes you less stealthy.
Armour
 p - the +2 robe of the Ecumenical Temple (worn) {rElec rC+ rN+ Str+2 Stlth++}
   (Okawaru gifted it to you on level 2 of the Elven Halls)

   It affects your strength (+2).
   It protects you from cold.
   It insulates you from electricity.
   It protects you from negative energy.
   It makes you much more stealthy.
 D - a +2 cloak of darkness (worn)
 H - a +1 hat of magic resistance (worn)
 Y - a +1 buckler of fire resistance (worn)
Magical devices
 k - a wand of digging (8)
 I - a wand of teleportation (3)
 M - a wand of heal wounds (5)
 O - a wand of disintegration (4)
Comestibles
 l - 13 bread rations
 L - 6 fruits
Scrolls
 i - 5 scrolls of remove curse
 n - 4 scrolls of recharging
 r - 7 scrolls of enchant armour
 s - 16 scrolls of teleportation
 t - 5 scrolls of enchant weapon
 u - a scroll of blinking
 w - 3 scrolls of fog
 z - a scroll of immolation
 N - a scroll of fear
 T - 3 scrolls of magic mapping
 U - a scroll of vulnerability
Jewellery
 c - a ring of protection from magic (right hand)
 y - a ring of teleport control (left hand)
 A - an uncursed amulet of resist corrosion {unknown}
 B - an amulet of faith (around neck)
 F - an uncursed amulet of rage {unknown}
 K - the ring "Iwuank" {rF+ Str+4 Dex+3, unknown}
   (You took it off a deep elf sorcerer on level 3 of the Elven Halls)

   [ring of strength]

   It affects your strength (+4).
   It affects your dexterity (+3).
   It protects you from fire.
Potions
 a - 3 potions of invisibility
 d - a potion of porridge
 f - 6 potions of brilliance
 g - 6 potions of restore abilities
 j - 13 potions of curing
 m - 2 potions of haste
 o - 2 potions of mutation {unknown}
 q - 3 potions of flight
 v - 2 potions of agility {unknown}
 C - 3 potions of lignification
 E - 3 potions of might {unknown}
 G - 2 potions of cancellation
 J - a potion of magic {unknown}
 P - 2 potions of resistance {unknown}
 S - a potion of berserk rage {unknown}
Miscellaneous
 x - a fan of gales (inert)
 Q - a fan of gales
 V - a legendary deck of wonders
 W - an ornate deck of destruction


   Skills:
 - Level 9.3 Fighting
 - Level 8.1 Short Blades
 - Level 13.7 Dodging
 - Level 9.1 Stealth
 - Level 3.5 Shields
 - Level 10.4 Spellcasting
 - Level 1.2 Conjurations
 * Level 22.6 Hexes
 - Level 4.3 Charms
 - Level 0.4 Fire Magic
 - Level 4.3 Ice Magic
 - Level 1.0 Air Magic
 - Level 14.0 Evocations


You had 12 spell levels left.
You knew the following spells:

 Your Spells              Type           Power        Failure   Level  Hunger
a - Corona                Hex            #######      0%          1    None
b - Ensorcelled Hibernat  Hex/Ice        ######       1%          2    None
c - Confuse               Hex            #######.     0%          3    None
d - Repel Missiles        Chrm/Air       ####..       2%          2    None
e - Mephitic Cloud        Conj/Pois/Air  ###.....     14%         3    None
f - Tukima's Dance        Hex            #######.     0%          3    None
g - Haste                 Chrm           ####....     98%         6    #####..
h - Conjure Flame         Conj/Fire      ###.....     14%         3    None


Dungeon Overview and Level Annotations

Branches:
Dungeon (13/15)            Temple (1/1) D:7             Orc (4/4) D:11
    Elf (3/3) Orc:4          Lair (8/8) D:10          Swamp (0/5) Lair:5
  Snake (0/5) Lair:3        Slime (0/6) Lair:7       Vaults (0/5) D:13

Altars:
Cheibriados
Dithmenos
Fedhas
Kikubaaqudgha
Makhleb
Nemelex Xobeh
Okawaru
Qazlal
Trog
Xom
Yredelemnul
Zin
The Shining One
Beogh

Shops:
Orc:4 [(?*

Annotations:
Lair:8 exclusion: oklob plant


Innate Abilities, Weirdness & Mutations

You are tiny and cannot use many weapons and most armour.
You have supernaturally acute eyesight.
You are a herbivore.
You cover ground extremely quickly.
You need consume almost no food.


Message History

The crystal guardian misses you.
You see here a long sword.
The crystal guardian fires a crystalline bolt at you.
The crystal bolt is repelled.
You feel less protected from missiles.
You see here a cutlass.
The crystal guardian fires a crystalline bolt at you.
The crystal bolt misses you.
Evoke which item? (* to show all) (? for menu, Esc to quit)
Zapping:
O - a wand of disintegration (5)
Press: ? - help, Shift-Dir - straight line, f - deep elf annihilator
Aim: a deep elf annihilator, wielding a long sword and wearing a leather armour The deep elf annihilator resists with almost no effort.
This wand has 4 charges left.
The deep elf annihilator gestures at you while chanting.
The iron shot misses you.
The deep elf annihilator points at you and mumbles some strange words.
The crystal spear hits you!
Ouch! That really hurt!
You die...

##.).# ###)##
###.).)( ###....((.
####..(......
####.......((...
##....)...).P.#..
###...........#####
#.@....P....### #
#.#.......###
#.##..[...#
#.)####....... ....
#e8(P(##....... ...
#)8?)..#...........
#:.[.}##....... ...
#..####........ ..
#)## .(..... .


You could see a deep elf annihilator.

Vanquished Creatures
  A deep elf blademaster (Elf:3)
  2 deep elf master archers (Elf:3)
  9 deep elf sorcerers (Elf:3)
  2 orc warlords (Orc:4)
  6 deep elf demonologists
  6 deep elf annihilators
  A deep elf death mage (Elf:3)
  4 crystal guardians (Elf:3)
  6 deep elf high priests (Elf:3)
  Fannar (Lair:8)
  4 hydras
  A centaur warrior (D:12)
  2 orc high priests (Orc:4)
  9 death yaks
  Urug (Elf:1)
  A catoblepas (Lair:8)
  An unseen horror (D:13)
  16 deep elf knights
  12 deep elf summoners
  A shadow demon (Elf:3)
  2 ice statues
  Pikel (D:6)
  5 orc knights
  8 hill giants
  17 deep elf conjurers
  A wizard (D:13)
  2 ugly things
  9 elephants
  4 black mambas
  Maurice (D:9)
  A cyclops (D:13)
  2 torpor snails
  An air elemental (Elf:3)
  2 feature mimics
  13 spiny frogs
  A gargoyle (D:12)
  2 fire drakes
  11 komodo dragons
  8 deep elf priests
  A spriggan druid (Lair:8)
  Grinder (D:6)
  2 two-headed ogres
  10 polar bears (Lair:8)
  Sonja (D:12)
  4 trolls
  8 blink frogs
  Prince Ribbit (D:9)
  3 boulder beetles (Lair:8)
  28 deep elf magi
  A snapping turtle (Lair:3)
  14 spriggans (Lair:8)
  3 basilisks
  8 redbacks (Lair:8)
  A baby alligator (Lair:5)
  4 wyverns
  A human (D:7)
  20 deep elf fighters
  41 yaks
  A vampire (D:12)
  15 hippogriffs
  2 steam dragons
  A golden eye (shapeshifter) (Elf:2)
  4 vampire mosquitoes (D:12)
  3 wargs
  The ghost of inmateoo the Digger, an average DgEE (D:5)
  24 wolves
  A naga (Lair:3)
  14 water moccasins
  10 porcupines
  A mottled dragon (D:12)
  8 sky beasts
  A necrophage (D:6)
  4 yellow wasps (Lair:8)
  10 ice beasts
  4 slaves (D:6)
  8 black bears (Lair:8)
  A phantom (D:5)
  32 orc warriors
  2 centaurs
  A boring beetle (Lair:8)
  9 ogres
  3 big kobolds
  12 giant frogs
  Duvessa (D:7)
  14 crocodiles
  A brain worm (D:8)
  2 gnoll sergeants
  4 scorpions
  A hippogriff skeleton (D:7)
  8 killer bees
  2 centaur zombies
  3 electric eels
  Dowan (D:7)
  30 wights
  4 crimson imps
  2 quasits
  Crazy Yiuf (D:7)
  4 jellies
  A basilisk skeleton (D:13)
  10 hounds
  29 orc priests
  30 orc wizards
  11 iguanas
  10 worker ants
  6 orange rats
  22 sheep
  A big kobold skeleton (D:9)
  2 hound skeletons
  A mummy (D:9)
  A scorpion zombie (D:11)
  13 gnolls
  An orc zombie (D:12)
  76 green rats
  12 white imps (D:13)
  30 adders
  3 shadow imps
  2 giant mites
  An inept item mimic (D:5)
  An adder skeleton (D:8)
  10 giant geckos
  144 orcs
  A bat skeleton (D:4)
  A bat zombie (D:7)
  5 giant cockroaches
  17 goblins
  9 hobgoblins
  12 jackals
  14 quokkas
  2 ball pythons
  15 bats
  6 giant newts
  2 giant spores
  A goblin skeleton (D:5)
  A hobgoblin skeleton (D:8)
  19 kobolds
  A kobold skeleton (D:6)
  A kobold zombie (D:6)
  An orc skeleton (D:6)
  23 rats
  7 ballistomycetes
  3 fungi
  5 plants
1142 creatures vanquished.

Vanquished Creatures (collateral kills)
  A yak (Lair:8)
  A killer bee (D:9)
2 creatures vanquished.

Vanquished Creatures (others)
  An ice statue (IceCv)
  A wizard (D:13)
  An air elemental (Elf:3)
  A dancing weapon (D:12)
  A giant spore (D:13)
  A rat (D:13)
  5 fungi
  A plant (Lair:5)
12 creatures vanquished.

Grand Total: 1156 creatures vanquished

Notes
Turn   | Place    | Note
--------------------------------------------------------------
     0 | D:1      | Ololoev, the Spriggan Enchanter, began the quest for the Orb.
     0 | D:1      | Reached XP level 1. HP: 9/9 MP: 4/4
   321 | D:1      | Reached XP level 2. HP: 11/13 MP: 8/8
   325 | D:1      | Learned a level 2 spell: Ensorcelled Hibernation
  1171 | D:2      | Reached XP level 3. HP: 16/16 MP: 10/12
  1533 | D:2      | Found a stormy altar of Qazlal.
  1618 | D:2      | Found a glowing golden altar of the Shining One.
  1834 | D:2      | Found a shimmering altar of Xom.
  1834 | D:2      | Found a burning altar of Makhleb.
  2182 | D:3      | Learned a level 3 spell: Confuse
  2210 | D:3      | Reached XP level 4. HP: 15/21 MP: 7/15
  2253 | D:3      | Found a glowing drain.
  2257 | Sewer    | Entered a sewer
  2262 | Sewer    | Reached skill level 5 in Hexes
  2362 | Sewer    | Noticed a big kobold
  2386 | Sewer    | Killed a big kobold
  2386 | Sewer    | Reached skill level 6 in Hexes
  2386 | Sewer    | Reached XP level 5. HP: 6/24 MP: 3/18
  2631 | Sewer    | Found a white marble altar of Elyvilon.
  3420 | D:4      | Noticed an ogre
  3425 | D:4      | Killed an ogre
  3425 | D:4      | Reached skill level 7 in Hexes
  3425 | D:4      | Reached XP level 6. HP: 4/28 MP: 20/20
  4059 | D:4      | Reached skill level 8 in Hexes
  4323 | D:4      | Reached skill level 1 in Ice Magic
  4602 | D:4      | Reached XP level 7. HP: 30/32 MP: 21/21
  4732 | D:5      | Entered Level 5 of the Dungeon
  4786 | D:5      | Reached skill level 9 in Hexes
  5032 | D:5      | Reached skill level 5 in Spellcasting
  5470 | D:5      | Reached XP level 8. HP: 31/36 MP: 25/25
  5580 | D:5      | Found a sparkling altar of Nemelex Xobeh.
  5741 | D:5      | Noticed inmateoo's ghost (average DgEE)
  5761 | D:5      | Killed inmateoo's ghost
  6329 | D:6      | Noticed Pikel
  6445 | D:6      | Killed Pikel
  6445 | D:6      | Reached skill level 10 in Spellcasting
  6732 | D:6      | Noticed Grinder
  6748 | D:6      | Killed Grinder
  6748 | D:6      | Reached skill level 5 in Stealth
  6748 | D:6      | Reached XP level 9. HP: 39/39 MP: 20/30
  6915 | D:6      | Reached skill level 5 in Dodging
  7558 | D:7      | Found a snail-covered altar of Cheibriados.
  7558 | D:7      | Found a shadowy altar of Dithmenos.
  7558 | D:7      | Found an ancient bone altar of Kikubaaqudgha.
  7572 | D:7      | Found an iron altar of Okawaru.
  7602 | D:7      | Found a staircase to the Ecumenical Temple.
  7655 | D:7      | Became a worshipper of Warmaster Okawaru
  7844 | D:7      | Acquired Okawaru's first power
  8050 | D:7      | Found a bloodstained altar of Trog.
  8089 | D:7      | Noticed Crazy Yiuf
  8095 | D:7      | Killed Crazy Yiuf
  8217 | D:7      | Noticed Duvessa
  8217 | D:7      | Noticed Dowan
  8232 | D:7      | Killed Duvessa
  8248 | D:7      | Killed Dowan
  8381 | D:7      | Learned a level 2 spell: Repel Missiles
  8400 | Temple   | Entered the Ecumenical Temple
  8740 | D:7      | Reached skill level 1 in Charms
  8757 | D:7      | Reached XP level 10. HP: 44/44 MP: 22/31
  8854 | D:8      | Reached skill level 10 in Hexes
  9336 | D:8      | Noticed a hill giant
  9336 | D:8      | Noticed a cyan ugly thing
  9373 | D:8      | Killed a cyan ugly thing
  9439 | D:8      | Killed a hill giant
  9454 | D:8      | Reached skill level 10 in Dodging
  9460 | D:8      | Identified Ynkufo's Handbook of Igneous Confrontation
  9465 | D:8      | Learned a level 3 spell: Mephitic Cloud
  9956 | D:9      | Reached skill level 5 in Short Blades
 10019 | D:9      | Reached skill level 1 in Air Magic
 10206 | D:9      | Reached skill level 1 in Conjurations
 10496 | D:9      | Reached skill level 11 in Dodging
 10528 | D:9      | Acquired Okawaru's second power
 10697 | D:9      | Noticed Maurice
 10705 | D:9      | Killed Maurice
 10873 | D:9      | Noticed Prince Ribbit
 10894 | D:9      | Killed Prince Ribbit
 10894 | D:9      | Reached XP level 11. HP: 47/47 MP: 18/32
 11061 | D:9      | Found a blossoming altar of Fedhas.
 11111 | D:10     | Entered Level 10 of the Dungeon
 11321 | D:10     | Reached skill level 12 in Dodging
 11357 | D:10     | Found a staircase to the Lair.
 12365 | D:11     | Found a staircase to the Orcish Mines.
 12474 | D:11     | Received a gift from Okawaru
 12679 | D:11     | Reached skill level 1 in Evocations
 13150 | D:11     | Noticed a hill giant
 13151 | D:11     | Noticed a hill giant
 13169 | D:11     | Killed a hill giant
 13181 | D:11     | Killed a hill giant
 13294 | D:11     | Reached skill level 5 in Evocations
 13415 | D:11     | Found a shimmering altar of Xom.
 13755 | D:12     | Learned a level 3 spell: Tukima's Dance
 13762 | D:12     | Learned a level 6 spell: Haste
 13830 | D:12     | Noticed Sonja
 13846 | D:12     | Killed Sonja
 14070 | D:12     | Learned a level 3 spell: Conjure Flame
 14104 | D:12     | Received a gift from Okawaru
 14307 | D:12     | Noticed a hill giant
 14318 | D:12     | Killed a hill giant
 14329 | D:12     | Reached XP level 12. HP: 51/51 MP: 13/33
 14488 | D:12     | Noticed a centaur warrior
 14493 | D:12     | Killed a centaur warrior
 14920 | D:13     | Reached skill level 13 in Hexes
 14925 | D:13     | Received a gift from Okawaru
 15046 | D:13     | Found a frozen archway.
 15146 | IceCv    | Entered an ice cave
 15663 | D:13     | Reached skill level 14 in Hexes
 16103 | D:13     | Found a gate to the Vaults.
 16398 | Lair:1   | Entered Level 1 of the Lair of Beasts
 17391 | Lair:2   | Received a gift from Okawaru
 17412 | Lair:2   | Identified a scroll of acquirement
 17521 | Lair:2   | Reached XP level 13. HP: 45/55 MP: 25/34
 17528 | Lair:2   | Reached skill level 15 in Hexes
 18279 | Lair:3   | Got a shimmering robe
 18297 | Lair:3   | Identified the cursed +0 robe "Esascheli" {Str+4 Dex+4} (You found it on level 3 of the Lair of Beasts)
 18422 | Lair:3   | Found a staircase to the Snake Pit.
 18441 | Lair:3   | Got a steaming cloak
 18453 | Lair:3   | Identified the +2 cloak "Puga" {Str+2 Int+3} (You acquired it on level 3 of the Lair of Beasts)
 18576 | Lair:3   | Reached skill level 1 in Shields
 18874 | Lair:3   | Found a staircase to the Shoals.
 18908 | Lair:3   | the staircase to the Shoals was a mimic.
 19199 | Lair:4   | Received a gift from Okawaru
 19770 | Lair:4   | Reached skill level 1 in Fighting
 20746 | Lair:5   | Found a staircase to the Swamp.
 20927 | Lair:5   | Received a gift from Okawaru
 20981 | Lair:5   | Reached skill level 5 in Fighting
 22032 | Lair:6   | Received a gift from Okawaru
 22032 | Lair:6   | Reached XP level 14. HP: 61/72 MP: 25/35
 22035 | Lair:6   | Got a brightly glowing cloak {god gift}
 22077 | Lair:6   | Identified the -4 cloak "Uzinoixy" {rF++ Slay-6} (Okawaru gifted it to you on level 6 of the Lair of Beasts)
 23145 | Lair:7   | Found a staircase to the Slime Pits.
 23736 | Lair:8   | Entered Level 8 of the Lair of Beasts
 24054 | Lair:8   | Noticed Fannar
 24080 | Lair:8   | Killed Fannar
 24232 | Lair:8   | Received a gift from Okawaru
 24235 | Lair:8   | Got an ichor-stained dagger {god gift}
 24236 | Lair:8   | Identified the +4 dagger "Thoif" {freeze, Dex+3 Stlth-} (Okawaru gifted it to you on level 8 of the Lair of Beasts)
 24654 | Lair:8   | Found a bloodstained altar of Trog.
 24857 | Lair:8   | Reached skill level 10 in Evocations
 24885 | Lair:8   | Reached skill level 16 in Hexes
 25069 | Lair:8   | Received a gift from Okawaru
 25088 | Lair:8   | Got a brightly glowing cutlass {god gift}
 25089 | Lair:8   | Identified the +10 cutlass of Capital Punishment {slice, +Rage Stlth-} (Okawaru gifted it to you on level 8 of the Lair of Beasts)
 25455 | Lair:8   | Received a gift from Okawaru
 25459 | Lair:8   | Got a crude quick blade {god gift}
 25460 | Lair:8   | Identified the +5 quick blade "Heikkuij" {venom, rN+ Str+2 Int+4} (Okawaru gifted it to you on level 8 of the Lair of Beasts)
 25929 | Lair:8   | Reached skill level 17 in Hexes
 26530 | Orc:1    | Entered Level 1 of the Orcish Mines
 27868 | Orc:3    | Received a gift from Okawaru
 27871 | Orc:3    | Got a warped cutlass {god gift}
 27872 | Orc:3    | Identified the +2 cutlass of Division {holy, +Blink +Fly rPois Stlth+} (Okawaru gifted it to you on level 3 of the Orcish Mines)
 28041 | Orc:4    | Entered Level 4 of the Orcish Mines
 28262 | Orc:4    | Found a staircase to the Elven Halls.
 28526 | Orc:4    | Noticed an orc warlord
 28558 | Orc:4    | Killed an orc warlord
 28558 | Orc:4    | Reached XP level 15. HP: 64/79 MP: 11/36
 28768 | Orc:4    | Found a roughly hewn altar of Beogh.
 28768 | Orc:4    | Found Xukore's Magic Scroll Shop.
 28836 | Orc:4    | Bought a scroll of identify for 24 gold pieces
 28836 | Orc:4    | Bought a scroll of identify for 24 gold pieces
 28836 | Orc:4    | Bought a scroll of brand weapon for 240 gold pieces
 28859 | Orc:4    | Found a roughly hewn altar of Beogh.
 28973 | Orc:4    | Found a roughly hewn altar of Beogh.
 28976 | Orc:4    | Found Iptoec's General Store.
 29032 | Orc:4    | Received a gift from Okawaru
 29112 | Orc:4    | Noticed an orc warlord
 29138 | Orc:4    | Upgraded the game from 0.16-a0-129-gbf5829b to 0.16-a0-139-gc9fe9b1
 29248 | Orc:4    | Killed an orc warlord
 29271 | Orc:4    | Found a roughly hewn altar of Beogh.
 29271 | Orc:4    | Found Ehoah's Antique Weapon Shoppe.
 29300 | Orc:4    | Found Klocvul's Antique Armour Emporium.
 29307 | Orc:4    | Bought an encrusted short sword for 144 gold pieces
 29308 | Orc:4    | Identified the +0 short sword "Fovveocw" {freeze, rPois rC- rN+} (You bought it in a shop on level 4 of the Orcish Mines)
 29316 | Orc:4    | Bought a glowing buckler for 126 gold pieces
 29535 | Elf:1    | Entered Level 1 of the Elven Halls
 29713 | Elf:1    | Noticed Urug
 29742 | Elf:1    | Killed Urug
 29742 | Elf:1    | Reached skill level 18 in Hexes
 30352 | Elf:1    | Received a gift from Okawaru
 31894 | Elf:2    | Reached skill level 19 in Hexes
 32377 | Elf:2    | Received a gift from Okawaru
 32388 | Elf:2    | Got a warped robe {god gift}
 32400 | Elf:2    | Identified the +2 robe of the Ecumenical Temple {rElec rC+ rN+ Str+2 Stlth++} (Okawaru gifted it to you on level 2 of the Elven Halls)
 32491 | Elf:3    | Entered Level 3 of the Elven Halls
 33600 | Elf:3    | Reached skill level 20 in Hexes
 33600 | Elf:3    | Reached XP level 16. HP: 58/84 MP: 21/36
 33680 | Elf:3    | Received a gift from Okawaru
 33683 | Elf:3    | Got an ebony hand crossbow {god gift}
 33684 | Elf:3    | Identified the +10 hand crossbow of Patience {velocity, Contam Dex+2} (Okawaru gifted it to you on level 3 of the Elven Halls)
 34468 | Elf:3    | Reached skill level 21 in Hexes
 34476 | Elf:3    | Received a gift from Okawaru
 34967 | Elf:3    | Noticed a Hell Sentinel
 36243 | Elf:3    | Got an ichor-stained short sword {freeze}
 36252 | Elf:3    | Identified the +2 short sword "Guimm" {freeze, rN+} (You took it off a deep elf conjurer on level 3 of the Elven Halls)
 36299 | Elf:3    | Noticed a deep elf blademaster
 36360 | Elf:3    | Killed a deep elf blademaster
 36360 | Elf:3    | Received a gift from Okawaru
 36360 | Elf:3    | Reached skill level 22 in Hexes
 36851 | Elf:3    | Noticed a deep elf master archer
 36918 | Elf:3    | Noticed a deep elf master archer
 36925 | Elf:3    | Killed a deep elf master archer
 37017 | Elf:3    | Killed a deep elf master archer
 37410 | Elf:3    | Got a pitted brass ring
 37902 | Elf:3    | Killed from afar by a deep elf annihilator

Action                   |  1- 3 |  4- 6 |  7- 9 | 10-12 | 13-15 | 16-18 || total
-------------------------+-------+-------+-------+-------+-------+-------++-------
Melee: Dagger            |   130 |    87 |   339 |   467 |       |       ||  1023
       Quick blade       |       |       |       |   380 |  1590 |   448 ||  2418
       Cutlass           |       |       |       |       |     8 |    62 ||    70
       Unarmed           |       |       |       |       |    15 |       ||    15
 Cast: Corona            |     3 |       |       |       |       |       ||     3
       Ensorcelled Hiber |    11 |    31 |    52 |   196 |   152 |     1 ||   443
       Confuse           |       |     2 |    50 |   142 |   328 |    55 ||   577
       Tukima's Dance    |       |       |       |     1 |     1 |       ||     2
       Repel Missiles    |       |       |       |     1 |       |     3 ||     4
       Conjure Flame     |       |       |       |       |       |     5 ||     5
Invok: Heroism           |       |       |       |       |       |     1 ||     1
 Abil: Evoke Invisibilit |       |       |       |     1 |       |       ||     1
       Evoke Berserk Rag |       |       |       |       |       |     4 ||     4
Evoke: Wand              |       |     3 |     8 |    12 |    53 |    23 ||    99
       Fan of gales      |       |       |       |       |       |     1 ||     1
  Use: Scroll            |     4 |     2 |     4 |    18 |    22 |     2 ||    52
       Potion            |       |       |       |     2 |       |     6 ||     8
 Stab: Sleeping          |    15 |    27 |    52 |   118 |   141 |       ||   353
       Confused          |       |     1 |    32 |    71 |   156 |    16 ||   276
       Distracted        |       |       |     1 |     1 |     2 |     2 ||     6
       Paralysed         |       |       |       |     1 |       |       ||     1
       Fleeing           |       |       |       |       |     1 |       ||     1
  Eat: Bread ration      |       |     1 |       |     1 |       |       ||     2
       Pizza             |       |       |     1 |     1 |       |       ||     2
       Fruit             |       |       |       |     1 |    15 |     7 ||    23
       Royal jelly       |       |       |       |     1 |       |     1 ||     2
